 Dungeon Crawl Stone Soup version 0.23-a0-584-g44dd78f (webtiles) character file.

40072 Inarius the Fighter (level 13, -24/109 HPs)
             Began as a Demonspawn Chaos Knight on Dec 17, 2018.
             Was a Plaything of Xom.
             Killed from afar by a lindwurm (33 damage)
             ... with a blast of flame
             ... on level 5 of the Lair of Beasts.
             The game lasted 00:39:04 (17528 turns).

Inarius the Fighter (Demonspawn Chaos Knight)      Turns: 17528, Time: 00:39:05

Health: -24/109    AC: 24    Str: 27      XL:     13   Next: 72%
Magic:  6/6        EV: 12    Int: 14      God:    Xom [*.....]
Gold:   1474       SH:  0    Dex: 13 (14) Spells: 12/12 levels left

rFire    . . .     SeeInvis .   E - +10 long sword of Ozibbuom {antimagic, Str+7}
rCold    + . .     Gourm    .   (no shield)
rNeg     . . .     Faith    .   q - +0 plate armour
rPois    .         Spirit   .   R - +2 hat
rElec    .         Reflect  .   J - +0 cloak
rCorr    .         Harm     .   (no gloves)
MR       +....                  (no boots)
Stlth    ..........             H - amulet of regeneration (curse)
HPRegen  0.68/turn              O - +3 ring of evasion
MPRegen  0.10/turn              a - ring of protection from magic

@: about to teleport, sanguine armour
A: talons 2, agile 1, blurry vision 1, cold resistance 1, deterioration 1,
powered by death 2, powered by pain 1, strong 1, wild magic 1, MP-powered wands,
sanguine armour 1
a: Renounce Religion


You were on level 5 of the Lair of Beasts.
You worshipped Xom.
You were a special plaything of Xom.
You were not hungry.

You visited 2 branches of the dungeon, and saw 17 of its levels.

You collected 1474 gold pieces.

Inventory:

Hand Weapons
 C - a +3 broad axe of venom
 E - the +10 long sword of Ozibbuom (weapon) {antimagic, Str+7}
   (You found it on level 5 of the Dungeon)

   It reduces the magical energy of the wielder, and disrupts the spells and
   magical abilities of those hit.
   Natural abilities and divine invocations are not affected.
   It affects your strength (+7).
Missiles
 d - 27 tomahawks (quivered)
 u - 6 javelins
 K - 3 javelins of penetration
Armour
 q - a +0 plate armour (worn)
 J - a +0 cloak (worn)
 R - a +2 hat (worn)
 V - a scarf of spirit shield
Jewellery
 a - a ring of protection from magic (right hand)
 b - an uncursed ring of positive energy
 r - an uncursed ring of fire
 H - a cursed amulet of regeneration (around neck)
 M - a cursed ring of teleportation {unknown}
 O - a +3 ring of evasion (left hand)
 S - an uncursed ring of protection from cold
Wands
 w - a wand of random effects (28)
 L - a wand of flame (40)
 P - a wand of digging (4)
 T - a wand of polymorph (5)
 U - a wand of disintegration (7)
 W - a wand of paralysis (8)
Scrolls
 f - a scroll of random uselessness {unknown}
 g - 9 scrolls of remove curse
 h - 6 scrolls of amnesia
 i - 4 scrolls of fog
 m - 5 scrolls of magic mapping
 o - 2 scrolls of teleportation
 s - 2 scrolls of noise {unknown}
 v - 2 scrolls of blinking
 x - 4 scrolls of enchant armour
 D - 2 scrolls of vulnerability
 F - 2 scrolls of fear
 I - 4 scrolls of immolation
 N - a scroll of torment
 Q - a scroll of holy word
Potions
 e - a potion of brilliance
 j - a potion of curing
 k - 4 potions of agility
 l - 2 potions of haste
 n - 2 potions of lignification
 p - 3 potions of berserk rage
 z - a potion of cancellation
 A - 4 potions of invisibility
 B - 3 potions of ambrosia
 G - 5 potions of flight
Miscellaneous
 y - a phial of floods
 X - a phantom mirror
Comestibles
 c - 36 rations
 t - 4 chunks of flesh


   Skills:
 * Level 12.7 Fighting
 * Level 11.0 Long Blades
 + Level 8.6 Axes
   Level 0.6(5.3) Maces & Flails
 + Level 1.3 Throwing
 + Level 10.0 Armour
 + Level 3.1 Dodging
 + Level 3.6 Stealth
 + Level 7.7 Evocations


You had 12 spell levels left.
You didn't know any spells.
Your spell library contained the following spells:

 Spells                   Type           Power        Failure   Level  Hunger
 Animate Skeleton         Necr           N/A          96%         1    ##.....
 Beastly Appendage        Tmut           #.....       96%         1    ##.....
 Confusing Touch          Hex            #.....       96%         1    ##.....
 Corona                   Hex            #......      96%         1    ##.....
 Infusion                 Chrm           #...         96%         1    ##.....
 Magic Dart               Conj           #...         96%         1    ##.....
 Pain                     Necr           #...         96%         1    ##.....
 Summon Butterflies       Summ           #.......     96%         1    ##.....
 Ensorcelled Hibernation  Hex/Ice        #.....       99%         2    ###....
 Poisonous Vapours        Pois/Air       #.....       99%         2    ###....
 Searing Ray              Conj           #.....       99%         2    ###....
 Shroud of Golubria       Chrm/Tloc      #.........   99%         2    ###....
 Song of Slaying          Chrm           #.......     99%         2    ###....
 Sticks to Snakes         Tmut           #.......     99%         2    ###....
 Call Canine Familiar     Summ           #.......     100%        3    ####...
 Confuse                  Hex            #.......     100%        3    ####...
 Conjure Flame            Conj/Fire      #.......     100%        3    ####...
 Dazzling Spray           Conj/Hex       #.....       100%        3    ####...
 Gell's Gravitas          Tloc           #.........   100%        3    ####...
 Ignite Poison            Fire/Tmut/Pois #.......     100%        3    ####...
 Mephitic Cloud           Conj/Pois/Air  #.......     100%        3    ####...
 Regeneration             Chrm/Necr      #.........   100%        3    ####...
 Spectral Weapon          Hex/Chrm       #.......     100%        3    ####...
 Spider Form              Tmut/Pois      #.........   100%        3    ####...
 Tukima's Dance           Hex            #.......     100%        3    ####...
 Vampiric Draining        Necr           #.........   100%        3    ####...
 Animate Dead             Necr           N/A          100%        4    #####..
 Force Lance              Conj/Tloc      #.......     100%        4    #####..
 Fulminant Prism          Conj/Hex       #.........   100%        4    #####..
 Ice Form                 Ice/Tmut       #.......     100%        4    #####..
 Iskenderun's Mystic Bla  Conj           #.......     100%        4    #####..
 Petrify                  Tmut/Erth      #.......     100%        4    #####..
 Summon Ice Beast         Ice/Summ       #.......     100%        4    #####..
 Blade Hands              Tmut           #.........   100%        5    ######.
 Fireball                 Conj/Fire      #.........   100%        5    ######.
 Metabolic Englaciation   Hex/Ice        #.........   100%        5    ######.
 Summon Mana Viper        Hex/Summ       #.......     100%        5    ######.
 Yara's Violent Unravell  Hex/Tmut       #.........   100%        5    ######.
 Bolt of Fire             Conj/Fire      #.........   100%        6    #######
 Freezing Cloud           Conj/Ice/Air   #.........   100%        6    #######
 Ring of Flames           Chrm/Fire      #.........   100%        7    #######
 Summon Hydra             Summ           #.........   100%        7    #######
 Ignition                 Fire           #.........   100%        8    #######


Dungeon Overview and Level Annotations

Branches:
Dungeon (12/15)            Temple (0/1) D:5            Lair (5/6) D:10
 Shoals (0/4) Lair:2       Spider (0/4) Lair:3        Slime (0/5) Lair:5
    Orc (0/2) D:10

Altars:
Ashenzari
Dithmenos
Fedhas
Nemelex Xobeh
Okawaru
Qazlal
Ru
Trog
Vehumet
Xom
Yredelemnul
Zin

Annotations:
D:4 1 runed door


Innate Abilities, Weirdness & Mutations

You have razor-sharp toenails.
You regenerate health from kills.
You sometimes gain a little power by taking damage.
When seriously injured, your bleeding wounds create armour. (AC +6)
You are agile. (Dex +2)
Scrolls take you a little longer to read.
Your flesh is cold resistant. (rC+)
Your body sometimes deteriorates upon taking damage.
Your muscles are strong. (Str +2)
Your spells are a little harder to cast, but a little more powerful.
You expend magic power (3 MP) to strengthen your wands.


Message History

The 11-headed hydra is almost dead.
The 11-headed hydra misses you. The 11-headed hydra bites you.
* * * LOW HITPOINT WARNING * * *
The 11-headed hydra bites you but does no damage.
The 11-headed hydra misses you. The 11-headed hydra barely misses you.
The 11-headed hydra closely misses you.
The 11-headed hydra bites you but does no damage.
The 11-headed hydra misses you.
The 11-headed hydra bites you but does no damage. x2
As you read the scroll of teleportation, it crumbles to dust.
You feel strangely unstable.
Xom decides to rearrange the pieces.
You swap places with the plant.
Some monsters swap places.
Found a chain mail.
Okay, then.
Unknown command.
The lindwurm breathes flames at you. The blast of flame hits you!
You die...
Xom chuckles heartily!

*,,
,...............#........ *
,#.#.#.#.#.#.#...P....... ,
,,*
,#.......†......)........ ,
, ,...........D...P........
,,,,
,,,,...........k............
,,,,,, ,
........................ ,,
, ,,
.....P.........)........ , ,
, ,#.....#....P.........(..
,* *.......@#..##...#.......
*** *
,.......#######.#..###... *
,.......,* ###### ##..
*#......,* ##† *.[.....*
##.. *.......* #...
*.......* ##.. **.......**
#... ,,,,, ,,,,* #...


You could see a 11-headed hydra and a lindwurm.

Vanquished Creatures
  An ettin (Lair:2)
  A centaur warrior (D:8)
  5 two-headed ogres
  2 death yaks (Lair:4)
  Sonja (Lair:1)
  A fire crab (Lair:2)
  An unseen horror (D:12)
  A lindwurm (Lair:3)
  6 ugly things
  9 elephants
  A manticore (D:11)
  A merfolk siren (Lair:2)
  4 black mambas
  4 komodo dragons
  7 spiny frogs
  A gargoyle (D:11)
  5 polar bears
  A troll (D:9)
  A wind drake (Lair:5)
  8 blink frogs
  8 hippogriffs
  A dream sheep (Lair:4)
  3 wyverns
  26 yaks
  2 basilisks
  Grum (D:8)
  5 hungry ghosts
  Edmund (D:4)
  A warg (Lair:3)
  An acid dragon (D:11)
  14 water moccasins
  5 porcupines
  2 ice beasts
  8 black bears
  2 slaves (D:4)
  4 sky beasts
  2 phantoms
  6 orc warriors
  A swamp drake (D:4)
  An ogre (shapeshifter) (D:8)
  14 wolves
  4 ogres
  3 centaurs
  13 crocodiles
  2 big kobolds
  17 bullfrogs
  5 scorpions
  23 killer bees
  2 howler monkeys
  4 crimson imps
  2 bullfrog zombies
  A quasit (D:8)
  3 centaur zombies
  4 hounds
  4 jellies
  3 bullfrog skeletons
  2 centaur skeletons
  7 orc priests
  3 iguanas
  10 orc wizards
  9 worker ants
  3 hound zombies
  The ghost of Lavandula the Sneak, a weakling HaEn (D:4)
  3 hound skeletons
  A worker ant zombie (D:7)
  7 gnolls
  15 adders
  A river rat (D:4)
  4 shadow imps
  2 oozes
  An adder zombie (D:5)
  3 adder skeletons
  4 worms
  5 dart slugs
  7 leopard geckos
  A leopard gecko (shapeshifter) (D:4)
  59 orcs
  9 bats
  5 giant cockroaches
  4 goblins
  5 hobgoblins
  14 jackals
  14 kobolds
  A quokka (shapeshifter) (D:3)
  7 quokkas
  A ball python (D:2)
  A ball python zombie (D:4)
  7 frilled lizards
  A jackal skeleton (D:4)
  A jackal zombie (D:5)
  2 leopard gecko skeletons (D:6)
  A quokka skeleton (D:6)
  2 quokka zombies (D:4)
  6 rats
  A fungus (Lair:4)
489 creatures vanquished.

Vanquished Creatures (collateral kills)
  Psyche (D:8)
  2 basilisks (D:10)
  A yak (D:10)
  A howler monkey (D:10)
  2 quasits (D:10)
  A gnoll (D:4)
  6 orcs (D:10)
  2 kobolds (D:11)
  A rat (D:2)
  A fungus (Lair:2)
  A plant (Lair:2)
19 creatures vanquished.

Vanquished Creatures (others)
  A black mamba (Lair:4)
  A slave (D:4)
  2 fungi
  2 plants (Lair:4)
6 creatures vanquished.

Grand Total: 514 creatures vanquished

Notes
Turn   | Place    | Note
-------+----------+-------------------------------------------
     0 | D:1      | Inarius the Demonspawn Chaos Knight began the quest for the
                  | Orb.
     0 | D:1      | Reached XP level 1. HP: 18/18 MP: 1/1
   302 | D:1      | Reached skill level 1 in Dodging
   312 | D:1      | Gained mutation: You regenerate a little health from kills.
                  | [demonic ancestry]
   312 | D:1      | Reached XP level 2. HP: 11/24 MP: 2/2
   465 | D:1      | XOM: silly message
   984 | D:2      | XOM: potion effect (agility)
  1250 | D:1      | XOM: divination: detect creatures
  1299 | D:2      | Gained mutation: You have sharp toenails. [demonic
                  | ancestry]
  1299 | D:2      | Reached XP level 3. HP: 29/29 MP: 3/3
  1404 | D:2      | XOM: chaos upgrade
  1410 | D:2      | Reached skill level 1 in Stealth
  1410 | D:2      | Reached XP level 4. HP: 26/35 MP: 4/4
  1456 | D:2      | XOM: stat loss: -1 Str (13/14)
  1541 | D:2      | Found a shadowy altar of Dithmenos.
  1603 | D:2      | XOM: give mutations
  1603 | D:2      | Gained mutation: You expend magic power (3 MP) to
                  | strengthen your wands. [Xom's grace]
  1603 | D:2      | Gained mutation: Your flesh is cold resistant. (rC+) [Xom's
                  | grace]
  1608 | D:2      | XOM: god gift: plate armour {god gift}
  1632 | D:2      | XOM: give mutation
  1632 | D:2      | Gained mutation: Your spells are a little harder to cast,
                  | but a little more powerful. [Xom's grace]
  1661 | D:2      | Found an iron altar of Okawaru.
  1810 | D:2      | Found a blossoming altar of Fedhas.
  1958 | D:3      | Reached XP level 5. HP: 42/42 MP: 5/5
  2026 | D:3      | XOM: give mutations
  2026 | D:3      | Gained mutation: You have a pair of small antennae on your
                  | head. [Xom's grace]
  2026 | D:3      | Gained mutation: Your muscles are strong. (Str +2) [Xom's
                  | grace]
  2026 | D:3      | Gained mutation: You are agile. (Dex +2) [Xom's grace]
  2026 | D:3      | Gained mutation: Your mind is acute. (Int +2) [Xom's grace]
  2052 | D:3      | Found a radiant altar of Vehumet.
  2217 | D:3      | Found a stormy altar of Qazlal.
  2328 | D:3      | XOM: cloud trail
  2352 | D:3      | XOM: scenery: create altars
  2397 | D:3      | Gained mutation: When seriously injured, your bleeding
                  | wounds create armour. (AC +6) [demonic ancestry]
  2397 | D:3      | Reached XP level 6. HP: 38/48 MP: 6/6
  2587 | D:3      | Found a sparkling altar of Nemelex Xobeh.
  2588 | D:3      | Found a blossoming altar of Fedhas.
  2652 | D:3      | XOM: 1-stop teleportation journey
  2838 | D:4      | Reached skill level 5 in Axes
  3065 | D:4      | XOM: give mutations
  3065 | D:4      | Lost mutation: You have a pair of small antennae on your
                  | head. [Xom's mischief]
  3065 | D:4      | Gained mutation: Your spells are harder to cast, but more
                  | powerful. [Xom's mischief]
  3065 | D:4      | Gained mutation: Scrolls take you a little longer to read.
                  | [Xom's mischief]
  3076 | D:4      | XOM: 8-stop teleportation journey
  3156 | D:4      | Found a runed door.
  3210 | D:4      | Reached XP level 7. HP: 31/53 MP: 7/7
  3365 | D:4      | Found a runed door.
  3377 | D:4      | Noticed Lavandula's ghost (weakling HaEn)
  3423 | D:4      | XOM: potion effect (heal wounds)
  3424 | D:4      | XOM: polymorph slave -> swamp drake
  3433 | D:4      | XOM: summons friendly crimson imp
  3442 | D:4      | XOM: enchant monster (good)
  3445 | D:4      | XOM: confusion
  3486 | D:4      | XOM: confuse monster(s)
  3596 | D:4      | XOM: harmless Hex miscast
  3709 | D:4      | Noticed Pikel
  3710 | D:4      | Found a basalt altar of Yredelemnul.
  3714 | D:4      | Noticed Pikel
  3714 | D:4      | Pikel changed into Pikel the water moccasin
  3714 | D:4      | XOM: polymorph Pikel -> Pikel the water moccasin
  3756 | D:4      | XOM: summons 3 hostile shadow creatures
  3984 | D:4      | Killed Lavandula's ghost
  4066 | D:4      | Killed Pikel the water moccasin
  4066 | D:4      | Reached skill level 4 in Fighting
  4242 | D:4      | XOM: summons 3 hostile demons
  4316 | D:4      | XOM: noise
  4318 | D:4      | Noticed Edmund
  4336 | D:4      | Killed Edmund
  4336 | D:4      | Reached skill level 1 in Evocations
  4407 | D:4      | XOM: blink monster(s)
  4549 | D:4      | XOM: mild Fire miscast
  4614 | D:5      | Entered Level 5 of the Dungeon
  4683 | D:5      | XOM: destruction
  4686 | D:5      | XOM: silly message
  4722 | D:5      | Got a transparent trident
  4723 | D:5      | Identified the +6 trident of the Eternal Void {venom,
                  | Dex+4} (You found it on level 5 of the Dungeon)
  4768 | D:5      | Found a staircase to the Ecumenical Temple.
  4891 | D:5      | Gained mutation: You sometimes gain a little power by
                  | taking damage. [demonic ancestry]
  4891 | D:5      | Reached XP level 8. HP: 48/61 MP: 9/9
  4963 | D:5      | Found a sacrificial altar of Ru.
  4965 | D:5      | Got a crystal long sword
  4966 | D:5      | Identified the +10 long sword of Ozibbuom {antimagic,
                  | Str+7} (You found it on level 5 of the Dungeon)
  5238 | D:6      | Found a glowing silver altar of Zin.
  5435 | D:6      | XOM: god gift: cloak {god gift}
  5879 | D:6      | Found a shattered altar of Ashenzari.
  6074 | D:7      | Reached skill level 5 in Fighting
  6557 | D:7      | Noticed a hippogriff
  6565 | D:7      | Killed a hippogriff
  6565 | D:7      | Reached XP level 9. HP: 46/69 MP: 3/11
  6574 | D:7      | XOM: summons 2 hostile demons
  7039 | D:8      | XOM: scenery: 2 doors open
  7047 | D:8      | Reached skill level 6 in Fighting
  7129 | D:8      | XOM: polymorph wyvern -> ogre
  7137 | D:8      | Noticed a green ugly thing
  7139 | D:8      | XOM: divine lightning
  7143 | D:8      | Killed a green ugly thing
  7143 | D:8      | Reached skill level 5 in Armour
  7167 | D:8      | Found a large runed door.
  7172 | D:8      | Found a large runed door.
  7208 | D:8      | Noticed Grum
  7209 | D:8      | Reached skill level 7 in Fighting
  7221 | D:8      | XOM: summons 3 friendly demons
  7235 | D:8      | Killed Grum
  7292 | D:8      | Reached skill level 8 in Fighting
  7300 | D:8      | Noticed a two-headed ogre
  7303 | D:8      | XOM: cleaving
  7305 | D:8      | XOM: divination: magic mapping
  7308 | D:8      | XOM: scenery: 1 doors open, 1 doors close
  7309 | D:8      | XOM: summons friendly ufetubus
  7310 | D:8      | XOM: summons friendly iron imp
  7312 | D:8      | Killed a two-headed ogre
  7312 | D:8      | Reached XP level 10. HP: 36/82 MP: 0/12
  7345 | D:8      | Noticed Psyche
  7349 | D:8      | XOM: summons 2 friendly demons
  7352 | D:8      | Killed Psyche
  7617 | D:8      | Noticed a two-headed ogre
  7618 | D:8      | XOM: destruction
  7624 | D:8      | Killed a two-headed ogre
  7624 | D:8      | Reached skill level 9 in Fighting
  7861 | D:8      | Reached skill level 1 in Throwing
  8052 | D:8      | Reached skill level 5 in Evocations
  8099 | D:8      | XOM: give mutations
  8099 | D:8      | Gained mutation: Your body sometimes deteriorates upon
                  | taking damage. [Xom's mischief]
  8099 | D:8      | Lost mutation: Your mind is acute. (Int +2) [Xom's
                  | mischief]
  8269 | D:8      | Noticed a centaur warrior
  8280 | D:8      | Killed a centaur warrior
  8280 | D:8      | Reached skill level 10 in Fighting
  8365 | D:8      | XOM: give mutation
  8365 | D:8      | Lost mutation: Your spells are harder to cast, but more
                  | powerful. [Xom's mischief]
  8397 | D:8      | Found an iron altar of Okawaru.
  8400 | D:8      | Found a basalt altar of Yredelemnul.
  8613 | D:9      | XOM: noise
  8642 | D:9      | Noticed a purple ugly thing
  8642 | D:9      | XOM: divination: detect items
  8651 | D:9      | XOM: harmless Hex miscast
  8655 | D:9      | Killed a purple ugly thing
  8655 | D:9      | Gained mutation: You regenerate health from kills. [demonic
                  | ancestry]
  8655 | D:9      | Reached XP level 11. HP: 56/91 MP: 0/15
  8793 | D:9      | XOM: god gift: hardcover book {god gift}
  8923 | D:9      | XOM: enchant monster (bad)
  9192 | D:9      | XOM: 2-stop teleportation journey
  9226 | D:9      | XOM: silly message
  9265 | D:9      | XOM: harmless Conj miscast
  9310 | D:9      | Found a bloodstained altar of Trog.
  9587 | D:10     | Entered Level 10 of the Dungeon
  9590 | D:10     | Noticed a two-headed ogre
  9607 | D:9      | XOM: divination: detect items
  9614 | D:10     | XOM: potion effect (berserk rage)
  9616 | D:10     | XOM: potion effect (agility)
  9621 | D:10     | Killed a two-headed ogre
  9621 | D:10     | Reached skill level 1 in Long Blades
 10127 | D:10     | Found a staircase to the Lair.
 10143 | D:10     | XOM: harmless Chrm miscast
 10209 | D:10     | XOM: scenery: 2 doors close
 10286 | D:10     | Found a staircase to the Orcish Mines.
 10392 | D:10     | XOM: noise
 10504 | D:10     | XOM: god gift: 25 gold pieces
 10549 | D:11     | XOM: enchant monster (good)
 10673 | D:11     | Reached skill level 5 in Long Blades
 10694 | D:11     | XOM: potion effect (invisibility)
 10725 | D:11     | Reached skill level 11 in Fighting
 10945 | D:11     | Noticed a two-headed ogre
 10947 | D:11     | XOM: divination: magic mapping
 10950 | D:11     | Killed a two-headed ogre
 10950 | D:11     | Reached XP level 12. HP: 78/100 MP: 5/16
 11042 | D:11     | XOM: summons friendly iron imp
 11062 | D:11     | XOM: scenery: create altars
 11279 | D:11     | XOM: scenery: create altars
 11402 | D:12     | XOM: enchant monster (good)
 11403 | D:12     | XOM: enchant monster (bad)
 11447 | D:11     | XOM is BORED!
 11665 | D:12     | XOM: 7-stop teleportation journey
 11752 | D:12     | XOM: summons 6 hostile demons
 12050 | D:12     | Noticed a two-headed ogre
 12057 | D:12     | Killed a two-headed ogre
 12414 | D:12     | XOM: harmless Ice miscast
 12420 | D:12     | XOM: silly message
 12550 | Lair:1   | Entered Level 1 of the Lair of Beasts
 12591 | Lair:1   | XOM: 2-stop teleportation journey
 12654 | Lair:1   | XOM: stat loss: -1 Int (13/14)
 12687 | Lair:1   | XOM: medium Ice miscast
 12915 | Lair:1   | Noticed Sonja
 12923 | Lair:1   | Killed Sonja
 13626 | Lair:2   | Noticed a seven-headed hydra
 13626 | Lair:2   | XOM: repel stairs
 13627 | Lair:2   | XOM: chaos cloud
 13637 | Lair:2   | Noticed an ettin
 13637 | Lair:2   | a seven-headed hydra changed into an ettin
 13653 | Lair:2   | Killed an ettin
 13885 | Lair:2   | XOM: summons 5 hostile demons
 14123 | Lair:2   | XOM: summons friendly white imp
 14125 | Lair:2   | XOM: scenery: create altars
 14135 | Lair:2   | XOM: polymorph elephant -> fire crab
 14398 | Lair:2   | Gained mutation: You have razor-sharp toenails. [demonic
                  | ancestry]
 14398 | Lair:2   | Reached XP level 13. HP: 107/107 MP: 0/18
 14399 | Lair:2   | XOM: confuse monster(s)
 14512 | Lair:2   | Found a staircase to the Shoals.
 15171 | Lair:3   | Reached skill level 12 in Fighting
 15173 | Lair:3   | Reached skill level 10 in Long Blades
 15274 | Lair:3   | XOM: polymorph water moccasin -> warg
 15346 | Lair:3   | XOM: enchant monster (bad)
 15348 | Lair:3   | XOM: cast spell 'Metabolic Englaciation'
 15348 | Lair:3   | XOM: smoke on damage
 15697 | Lair:3   | Found a hole to the Spider Nest.
 15900 | Lair:3   | XOM: mild Conj miscast
 16090 | Lair:4   | XOM: fog
 16106 | Lair:4   | HP: 3/108 [elephant (6)]
 16113 | Lair:4   | XOM: divination: detect creatures
 16119 | Lair:4   | HP: 2/109 [komodo dragon (18)]
 16415 | Lair:4   | XOM: god gift: phial of floods
 16526 | Lair:4   | XOM: 1-stop teleportation journey
 16731 | Lair:4   | XOM: confusion (+ monsters)
 16868 | Lair:4   | Noticed an emperor scorpion
 16868 | Lair:4   | a four-headed hydra changed into an emperor scorpion
 16868 | Lair:4   | XOM: polymorph four-headed hydra -> emperor scorpion
 16870 | Lair:4   | XOM: divine lightning
 16880 | Lair:4   | an emperor scorpion changed into an iron troll
 16880 | Lair:4   | XOM: polymorph emperor scorpion -> iron troll
 16883 | Lair:4   | XOM: scenery: 1 doors open
 16907 | Lair:4   | Reached skill level 10 in Armour
 17317 | Lair:5   | XOM: confuse monster(s)
 17410 | Lair:5   | Noticed Urug
 17412 | Lair:5   | Noticed Urug
 17412 | Lair:5   | Urug changed into Urug the swamp dragon
 17413 | Lair:5   | Noticed Urug
 17413 | Lair:5   | Urug the swamp dragon changed into Urug the wind drake
 17429 | Lair:5   | Killed Urug the wind drake
 17429 | Lair:5   | XOM: divination: magic mapping
 17525 | Lair:5   | XOM: torment (9/109 hp)
 17526 | Lair:5   | XOM: swap monsters
 17528 | Lair:5   | Killed from afar by a lindwurm

Vault maps used:
D:1:      evilmike_arrival_plus, minmay_vboxes
D:2:      overflow_temple_1_default, lemuel_doored_altar, fedhas_ov_isle_minmay
D:3:      vehumet_crystals, overflow_temple_1_default,
          chequers_temple_overflow_statue_of_worship, serial_bayou,
          serial_bayou_crossing, serial_bayou_pond_e, serial_bayou_pond_e,
          serial_bayou_pond_e
D:4:      lemuel_coloured_pillars_altar, serial_undead, serial_undead_a,
          serial_undead_b, serial_undead_b, serial_undead_c,
          ebering_ghost_sewer_f, uniq_edmund, uniq_pikel
D:5:      hangedman_ru_absence, minmay_temple_entry_stoned_glass, first_ration
D:6:      basic_altar, cheibrodos_ashenzari_chains
D:8:      blue_anna_alchemist, jmf_multi_god_temple2, uniq_psyche, uniq_grum
D:9:      lightli_temple_of_fire
D:10:     minmay_angry_zag, david_lair_generic, hiddenorc1_lemuel,
          minmay_starry_boxes
D:12:     lemuel_nasty_fountain
Lair:1:   grunt_megastairs_1, uniq_sonja
Lair:2:   beast_lair_carwin_large_3, minmay_shoals_entry_lonely_mermaid,
          serial_bayou_pond_a
Lair:3:   spider_nest_entry_web_field
Lair:4:   minmay_shattered_shrine
Lair:5:   minmay_slime_entry_jelly_boxes, st_stairs_13, uniq_urug, uniq_nessos

Skill      XL: |  1  2  3  4  5  6  7  8  9 10 11 12 13 |
---------------+----------------------------------------+-----
Dodging        | 1 2 3 |  3.1
Axes           | 3 4 5 6 7 8 |  8.6
Armour         | 2 3 4 5 7 8 9 10 | 10.0
Stealth        | 1 2 3 |  3.6
Fighting       | 4 5 8 10 11 12 | 12.7
Evocations     | 1 2 3 5 6 7 |  7.7
Throwing       | 1 |  1.3
Long Blades    | 6 9 11 | 11.0
Maces & Flails | |  0.6

Action                   |  1- 3 |  4- 6 |  7- 9 | 10-12 | 13-15 || total
-------------------------+-------+-------+-------+-------+-------++-------
Melee: Hand axe          |   111 |   208 |   196 |       |       ||   515
       Kick              |    15 |    74 |   119 |   283 |   125 ||   616
       Flail             |       |     8 |       |       |       ||     8
       Trident           |       |       |     9 |       |       ||     9
       Long sword        |       |       |   158 |   581 |   261 ||  1000
       Broad axe         |       |       |       |       |    21 ||    21
Throw: Tomahawk          |       |       |     7 |     2 |       ||     9
Evoke: Wand              |       |       |     7 |    21 |     7 ||    35
  Use: Scroll            |     2 |       |     8 |    18 |     5 ||    33
       Potion            |       |       |     3 |       |     6 ||     9
 Stab: Sleeping          |     1 |       |       |       |       ||     1
       Petrified         |     6 |    11 |       |       |     1 ||    18
       Distracted        |     1 |       |       |       |       ||     1
       Petrifying        |       |     2 |       |       |       ||     2
       Paralysed         |       |     1 |     1 |       |       ||     2
       Confused          |       |     2 |     2 |       |     3 ||     7
       Invisible         |       |       |       |     4 |       ||     4
  Eat: Chunk             |     2 |     6 |    13 |    41 |    10 ||    72
       Ration            |       |       |       |     1 |       ||     1
Armor: Leather armour    |    74 |    15 |       |       |       ||    89
       Plate armour      |       |   135 |   288 |   527 |   244 ||  1194
Dodge: Dodged            |    65 |    55 |   132 |   377 |   232 ||   861
       Rpst.: Long sword |       |       |    24 |   103 |    31 ||   158

Table legend:
 A = Non-vault XP
 B = Vault XP
 C = Vault XP percentage of total XP
 D = Non-vault monster count
 E = Vault monster count
 F = Vault count percentage of total count
                 A         B        C        D         E       F
            +---------+---------+-------+---------+---------+-------
      Total |   44693 |   12554 |  21.9 |     417 |      85 |  16.9
            +---------+---------+-------+---------+---------+-------
        D:1 |      20 |      10 |  33.3 |      12 |       7 |  36.8
        D:2 |     164 |       0 |   0.0 |      35 |       0 |   0.0
        D:3 |     225 |       0 |   0.0 |      28 |       0 |   0.0
        D:4 |     323 |     457 |  58.6 |      35 |      14 |  28.6
        D:5 |     267 |       0 |   0.0 |      17 |       0 |   0.0
        D:6 |     597 |       0 |   0.0 |      18 |       0 |   0.0
        D:7 |     967 |       0 |   0.0 |      15 |       0 |   0.0
        D:8 |    3976 |    2691 |  40.4 |      40 |      13 |  24.5
        D:9 |    2842 |       0 |   0.0 |      32 |       0 |   0.0
       D:10 |    3987 |    1159 |  22.5 |      29 |      25 |  46.3
       D:11 |    5683 |       0 |   0.0 |      43 |       0 |   0.0
       D:12 |    4662 |       0 |   0.0 |      27 |       0 |   0.0
     Lair:1 |    1534 |    1343 |  46.7 |       9 |       3 |  25.0
     Lair:2 |    6574 |    2341 |  26.3 |      21 |      10 |  32.3
     Lair:3 |    4304 |       0 |   0.0 |      23 |       0 |   0.0
     Lair:4 |    6785 |    4270 |  38.6 |      24 |      12 |  33.3
     Lair:5 |    1783 |     283 |  13.7 |       9 |       1 |  10.0
            +---------+---------+-------+---------+---------+-------
